 Dungeon Crawl Stone Soup version 0.30-b1-2-g02819fbbbe (webtiles) character file.

Game seed: 10332320513745596759

1941 night the Grappler (level 8, -6/79 HPs)
             Began as a Troll Artificer on May 13, 2023.
             Was an Initiate of Nemelex Xobeh.
             Mangled by an ogre
             ... wielding a +0 giant spiked club
              (16 damage)
             ... on level 5 of the Dungeon.
             The game lasted 00:07:24 (3349 turns).

night the Grappler (Troll Artificer)                Turns: 3349, Time: 00:07:24

Health: -6/79      AC:  4    Str: 23    XL:     8   Next: 98%
Magic:  9/9        EV: 15    Int:  7    God:    Nemelex Xobeh [......]
Gold:   296        SH:  0    Dex: 10    Spells: 7/7 levels left

rFire   . .          .
                       - Unarmed
rCold   . . .        (no shield)
rNeg    . . .        b - +0 robe
rPois   .            (helmet restricted)
rElec   .            (no cloak)
rCorr   .            (gloves unavailable)
SInv    .            (boots unavailable)
Will    .....        (no amulet)
Stlth   +            q - +5 ring of evasion
HPRegen 1.13/turn    (no ring)
MPRegen 0.11/turn

%: no passive effects
@: no status effects
A: large, unfitting armour, claws 3, regeneration 1, shaggy fur 1, tough skin 1
a: Renounce Religion, Draw Escape, Draw Destruction, Draw Summoning


You were on level 5 of the Dungeon.
You worshipped Nemelex Xobeh.
Nemelex Xobeh was noncommittal.
You visited 2 branches of the dungeon, and saw 6 of its levels.

You collected 296 gold pieces.

Inventory:

Missiles
 k - 2 poisoned darts
Armour
 b - a +0 robe (worn)
Jewellery
 q - a +5 ring of evasion (left claw)
 s - a ring of protection from fire
Wands
 c - a wand of flame (14) (quivered)
 d - a wand of charming (15)
 e - a wand of iceblast (5)
Scrolls
 f - 5 scrolls of identify
 g - a scroll of vulnerability {unknown}
 i - a scroll of blinking {unknown}
 m - 2 scrolls of teleportation
 t - a scroll of poison {unknown}
 u - a scroll of magic mapping {unknown}
 v - a scroll of enchant armour {unknown}
 x - a scroll of amnesia {unknown}
Potions
 a - a potion of brilliance {unknown}
 h - 2 potions of lignification {unknown}
 j - 4 potions of curing {unknown}
 l - 2 potions of heal wounds {unknown}
 n - a potion of might {unknown}
 o - a potion of flight {unknown}
 p - 3 potions of resistance {unknown}
 r - 2 potions of degeneration {unknown}
 w - a potion of cancellation {unknown}
 z - a potion of haste {unknown}


   Skills:
 + Level 4.8 Fighting
 - Level 1.9 Dodging
 - Level 0.3 Stealth
 * Level 8.2 Unarmed Combat
 + Level 3.4 Invocations
 - Level 3.8 Evocations


You had 7 spell levels left.
You didn't know any spells.
Your spell library contained the following spells:

 Spells                   Type           Power      Damage    Failure   Level
 Freeze                   Ice            0%         1d3       43%         1
 Sublimation of Blood     Necr           0%         N/A       56%         2
 Frozen Ramparts          Ice            0%         1d1       80%         3
 Hailstorm                Conj/Ice       0%         3d3       80%         3
 Petrify                  Tmut/Erth      0%         N/A       99%         4
 Irradiate                Conj/Tmut      0%         3d11      100%        5
 Summon Forest            Summ/Tloc      0%         N/A       100%        5
 Summon Mana Viper        Hex/Summ       0%         N/A       100%        5
 Summon Cactus Giant      Summ           0%         N/A       100%        6


Dungeon Overview and Level Annotations

Branches:
Dungeon (5/15)             Temple (1/1) D:5

Altars:
Ashenzari
Cheibriados
Dithmenos
Elyvilon
Gozag
Hepliaklqana
Kikubaaqudgha
Makhleb
Nemelex Xobeh
Okawaru
Qazlal
Ru
Sif Muna
Trog
Uskayaw
Vehumet
Wu Jian
Xom
Yredelemnul
Zin
The Shining One

Shops:
D:1 [*(*?

Annotations:
D:5 4 runed translucent doors


Innate Abilities, Weirdness & Mutations

You are too large for most types of armour.
You have claws for hands.
Your natural rate of healing is unusually fast.
You are covered in fur. (AC +1)
You have tough skin. (AC +1)


Message History

The kobold demonologist is moderately wounded.
The kobold demonologist casts a cantrip, but nothing happens.
You claw the kobold demonologist!
The kobold demonologist is heavily wounded.
The kobold demonologist casts a spell.
You claw the kobold demonologist!
The kobold demonologist is severely wounded.
The kobold demonologist hits you but does no damage.
The sun demon barely misses you.
You claw the kobold demonologist!
The kobold demonologist is almost dead.
The kobold demonologist hits you with a +0 dagger.
The sun demon closely misses you.
You closely miss the kobold demonologist.
The kobold demonologist is almost dead.
An ogre comes into view. It is wielding a +0 giant spiked club.
The kobold demonologist barely misses you.
The sun demon hits you!
You are engulfed in flames!
You miss the kobold demonologist.
The kobold demonologist is almost dead.
The sun demon hits you!
You are engulfed in flames!
The kobold demonologist misses you.
You barely miss the kobold demonologist.
The kobold demonologist is almost dead.
The sun demon hits you!
* * * LOW HITPOINT WARNING * * *
You are engulfed in flames!
* * * LOW HITPOINT WARNING * * *
You claw the kobold demonologist!
You kill the kobold demonologist!
The sun demon disappears in a puff of smoke!
Your Unarmed Combat skill increases to level 8!
As you read the scroll labelled LOX COUKHAT, it crumbles to dust.
It is a scroll of identify.
m - 2 scrolls of teleportation The ogre closely misses you.
The ogre attacks as you move away!
The ogre hits you with a +0 giant spiked club!
You die...
Your body disappears without a glow.

## ###### .#
#########....# .##
#.........##.# .8#
#.#..........# .##
##...######..## .#
#...##.O@.##.# .##
#.#.#.####[#.########
.8# #.#.#
#..#)†......## .####
###...#
#.#.†.##++##..#
.##8###8#.#.#
#######8oo8##.#
............##
#8zog.8#.#
.............#
#)....[#.#
..........#..######
#.....}#.#
.##8###8###.##.#.[#
#8....8#.#


You could see an ogre.

Vanquished Creatures
  A two-headed ogre (D:5)
  A kobold demonologist (D:5)
  2 ogres
  A phantom (D:5)
  A scorpion (D:4)
  A jelly (D:4)
  5 hounds
  3 orc priests (D:5)
  5 iguanas
  2 sleepcaps
  4 orc wizards
  9 adders
  4 gnolls (D:4)
  3 ufetubi
  A worm (D:3)
  4 dart slugs
  14 orcs
  7 endoplasms
  6 giant cockroaches
  9 goblins
  4 hobgoblins
  5 quokkas
  6 ball pythons
  6 bats
  A frilled lizard (D:3)
  4 kobolds
  7 rats
116 creatures vanquished.

Notes
Turn   | Place    | Note
-------+----------+-------------------------------------------
     0 | D:1      | night the Troll Artificer began the quest for the Orb.
     0 | D:1      | Reached XP level 1. HP: 18/18 MP: 0/0
    11 | D:1      | Found Paja Yni's General Store.
    30 | D:1      | Reached skill level 1 in Fighting
    59 | D:1      | Reached skill level 1 in Unarmed Combat
    67 | D:1      | Reached XP level 2. HP: 27/27 MP: 1/1
   199 | D:1      | Found Uteatz's Magic Scroll Shop.
   230 | D:1      | Found Oradd's General Store.
   250 | D:1      | Found Ydwa's Antique Weapon Shoppe.
   373 | D:1      | Found Qoky Dois's Antique Armour Boutique.
   488 | D:2      | Reached skill level 2 in Unarmed Combat
   488 | D:2      | Reached XP level 3. HP: 30/33 MP: 2/2
   498 | D:2      | Found the +12 pair of quick blades "Gyre" and "Gimble"
                  | {protect}
   800 | D:2      | Reached XP level 4. HP: 41/41 MP: 3/3
  1329 | D:3      | Reached skill level 3 in Unarmed Combat
  1403 | D:3      | Found a radiant altar of Vehumet.
  1404 | D:3      | Found an opulent altar of Gozag.
  1475 | D:4      | Reached XP level 5. HP: 47/49 MP: 4/4
  1602 | D:4      | Reached skill level 4 in Unarmed Combat
  1672 | D:4      | Reached XP level 6. HP: 55/59 MP: 5/5
  1821 | D:4      | Reached skill level 5 in Unarmed Combat
  1965 | D:4      | Reached XP level 7. HP: 63/67 MP: 6/6
  2309 | D:5      | Entered Level 5 of the Dungeon
  2561 | D:5      | Found a staircase to the Ecumenical Temple.
  2577 | Temple   | Entered the Ecumenical Temple
  2761 | Temple   | Became a worshipper of Nemelex Xobeh the Trickster
  2942 | D:5      | Found a large runed translucent door.
  2942 | D:5      | Found a large runed translucent door.
  2951 | D:5      | Found a large runed translucent door.
  2951 | D:5      | Found a large runed translucent door.
  2974 | D:5      | Reached skill level 6 in Unarmed Combat
  2983 | D:5      | Noticed a two-headed ogre
  2994 | D:5      | HP: 3/67 [two-headed ogre/+0 giant club (15)]
  2995 | D:5      | Killed a two-headed ogre
  2996 | D:5      | Reached skill level 7 in Unarmed Combat
  2996 | D:5      | Reached XP level 8. HP: 5/78 MP: 6/8
  3334 | D:5      | Noticed a kobold demonologist
  3342 | D:5      | Noticed a sun demon
  3347 | D:5      | Killed a kobold demonologist
  3348 | D:5      | Reached skill level 8 in Unarmed Combat
  3349 | D:5      | Mangled by an ogre

Illustrated notes

Levels and vault maps discovered:
D:1:      minmay_arrival_stair_chambers, layout_rooms, serial_shops, shop,
          nicolae_shop_trees, shop, shop, nicolae_square_shop
D:2:      layout_loops_cross, kennysheep_generic_room_14
D:3:      layout_rooms, gammafunk_temple_overflow_pools
D:4:      layout_loops_cross
D:5:      layout_rooms, minmay_temple_entry_offerings, serial_corexii_hall,
          chequers_hall_statues_corner_a, corexii_hall_statues_t,
          minmay_hollow_rounded_squares
Temple:   nicolae_temple_bog_church

Skill      XL: |  1  2  3  4  5  6  7  8 |
---------------+-------------------------+-----
Fighting       | 1 2 3 4 |  4.8
Unarmed Combat | 1 2 3 4 5 7 8 |  8.2
Evocations     | 3 |  3.8
Invocations    | 2 3 |  3.4
Dodging        | |  1.9
Stealth        | |  0.3

Action                     |  1- 3 |  4- 6 |  7- 9 || total
---------------------------+-------+-------+-------++-------
  Melee: Unarmed           |    81 |   111 |   131 ||   323
         Punch             |     2 |     3 |     3 ||     8
  Evoke: Wand              |       |     1 |       ||     1
    Use: Scroll            |       |       |     1 ||     1
   Stab: Sleeping          |       |       |     2 ||     2
 Armour: Robe              |    31 |    24 |    18 ||    73
  Dodge: Dodged            |    32 |    92 |    76 ||   200
